 Dungeon Crawl Stone Soup version 0.28-a0-1594-ga885d4b3d6 (webtiles) character file.

Game seed: 7973745386381620136

135 belegose the Skirmisher (level 5, -1/40 (42) HPs)
             Began as a Formicid Abyssal Knight on Jan 20, 2022.
             Was a Believer of Lugonu.
             Killed from afar by Ijyb (13 damage)
             ... with an iceblast
             ... on level 3 of the Dungeon.
             The game lasted 00:07:11 (3498 turns).

belegose the Skirmisher (Formicid Abyssal Knight)   Turns: 3498, Time: 00:07:12

HP:   -1/40 (42)    AC:  6    Str: 19    XL:     5   Next: 42%
MP:   7/7           EV: 13    Int: 10    God:    Lugonu [**....]
Gold: 140           SH:  0    Dex: 11    Spells: 4/4 levels left

rFire   . . .      SeeInvis +   a - +4 mace
rCold   . . .      Faith    .   (no shield)
rNeg    . . .      Spirit   .   l - +0 scale mail
rPois   .          Reflect  .   (helmet unavailable)
rElec   .          Harm     .   (no cloak)
rCorr   .          Rampage  .   (no gloves)
Will    +....                   (no boots)
Stlth   ..........              (no amulet)
HPRegen 0.13/turn               e - ring of willpower
MPRegen 0.10/turn               j - +4 ring of evasion

@: lightly drained, invisible
A: permanent stasis, dig shafts and tunnels, antennae 3, four strong arms
a: Dig, Shaft Self, Renounce Religion, Depart the Abyss, Bend Space


You were on level 3 of the Dungeon.
You worshipped Lugonu.
Lugonu was pleased with you.
You visited 1 branch of the dungeon, and saw 3 of its levels.
You visited the Abyss 1 time.

You collected 140 gold pieces.

Inventory:

Hand Weapons
 a - a +4 mace (weapon)
 b - a +0 trident
Missiles
 f - 57 stones (quivered)
Armour
 l - a +0 scale mail (worn)
 m - a +0 leather armour
Magical Staves
 i - a staff of poison
Jewellery
 e - a ring of willpower (left hand)
 j - a +4 ring of evasion (right hand)
Scrolls
 c - 2 scrolls of teleportation {unknown}
 d - 2 scrolls of vulnerability {unknown}
 h - 4 scrolls of identify {unknown}


   Skills:
 + Level 4.1 Fighting
 + Level 1.7 Maces & Flails
 - Level 2.2 Polearms
 + Level 3.2 Armour
 - Level 0.8 Dodging
 - Level 1.9 Stealth
 + Level 3.4 Invocations


You had 4 spell levels left.
You didn't know any spells.
Your spell library contained the following spells:

 Spells                   Type           Power      Damage    Failure   Level
 Freeze                   Ice            0%         1d3       73%         1
 Sublimation of Blood     Necr           0%         N/A       86%         2
 Wereblood                Tmut           0%         N/A       86%         2
 Frozen Ramparts          Ice            0%         1d2       97%         3
 Lesser Beckoning         Tloc           0%         N/A       97%         3
 Hailstorm                Conj/Ice       0%         3d3       100%        4
 Manifold Assault         Tloc           0%         N/A       100%        5
 Summon Hydra             Summ           0%         N/A       100%        7
 Blink                    Tloc           Unusable   N/A       N/A         2

Dungeon Overview and Level Annotations

Branches:
Dungeon (3/15)

Altars:

Shops:
D:2 :   D:3 :

Annotations:
D:3 Ijyb


Innate Abilities, Weirdness & Mutations

You cannot be hasted, slowed, berserked, paralysed or teleported.
You can dig through walls and to a lower floor.
You have a pair of large antennae on your head. (SInv)
Your four strong arms can wield two-handed weapons with a shield.


Message History

Ijyb hits you with a +0 club!
You hit Ijyb but do no damage. Your punch misses Ijyb.
Ijyb is lightly wounded.
Ijyb barely misses you.
You hit Ijyb but do no damage. You punch Ijyb, but do no damage.
Ijyb is lightly wounded.
Ijyb barely misses you. Ijyb hits you but does no damage.
You hit Ijyb but do no damage.
Ijyb is lightly wounded.
Ijyb hits you with a +0 club!
You hit Ijyb but do no damage.
Ijyb is lightly wounded.
Ijyb hits you with a +0 club.
You barely miss Ijyb.
Ijyb is lightly wounded.
Ijyb closely misses you.
You completely miss Ijyb.
Ijyb is lightly wounded.
Ijyb hits you with a +0 club!
* * * LOW HITPOINT WARNING * * *
Ijyb hits you with a +0 club.
* * * LOW HITPOINT WARNING * * *
You hit Ijyb.
Ijyb is moderately wounded.
Ijyb hits you but does no damage.
It was a potion of invisibility.
You fade into invisibility!
Ijyb barely misses you.
It was a potion of curing.
You feel better. Ijyb closely misses you.
Ijyb zaps a wand.
The mass of ice explodes!
The iceblast engulfs Ijyb!
The iceblast engulfs you!
* * * LOW HITPOINT WARNING * * *
You aren't carrying any items that you can evoke.
Ijyb screams, "Die!"
Ijyb screams, "Level is mine!
All mine!"
Ijyb screams, "Get away!"
You extend your mandibles.
You dig through the rock wall.
You feel drained.
Ijyb zaps a wand.
The mass of ice explodes!
The iceblast engulfs you!
You die...

# #..#. # #..## { #.###
#.... ##### .. ## ####
######## .. #.@#
#......#..# ## #.##
#......#..# #.#
#.†....#..# #.#
####.#.#..# #g#
#.#.#..#### #.#
#.#.#..#...
#.#######.#.#..#.##
####...g.....#....#.#
...............###..#.#


You could see Ijyb (strong).

Vanquished Creatures
  An orc priest (D:3)
  2 adders
  5 worms
  A dart slug (D:3)
  4 orcs (D:3)
  15 endoplasms
  6 goblins
  3 hobgoblins
  6 jackals
  2 quokkas
  6 bats
  4 frilled lizards
  3 kobolds
  5 rats (D:1)
63 creatures vanquished.

Notes
Turn   | Place    | Note
-------+----------+-------------------------------------------
     0 | Abyss:1  | belegose the Formicid Abyssal Knight began the quest for
                  | the Orb.
     0 | Abyss:1  | Reached XP level 1. HP: 18/18 MP: 2/2
    42 | Abyss:2  | Noticed a small abomination
    68 | Abyss:2  | Noticed a large abomination
    82 | Abyss:3  | Found a corrupted altar of Lugonu.
   101 | Abyss:4  | Noticed an unseen horror
   104 | Abyss:4  | Noticed an unseen horror
   104 | Abyss:4  | Noticed a thrashing horror
   104 | Abyss:4  | Noticed a thrashing horror
   105 | Abyss:4  | Noticed an unseen horror
   105 | Abyss:4  | Noticed an unseen horror
   105 | Abyss:4  | Noticed an unseen horror
   106 | Abyss:4  | Noticed an unseen horror
   106 | Abyss:4  | Noticed a thrashing horror
   106 | Abyss:4  | Noticed an unseen horror
   132 | Abyss:4  | Noticed a starcursed mass
   133 | D:1      | Escaped the Abyss
   259 | D:1      | Reached * piety under Lugonu
   274 | D:1      | Reached XP level 2. HP: 22/24 MP: 3/3
   502 | D:1      | Reached skill level 1 in Stealth
  1123 | D:1      | Reached XP level 3. HP: 28/29 MP: 4/4
  1613 | D:2      | Found Ryacw's Book Boutique.
  1834 | D:2      | Reached XP level 4. HP: 30/37 MP: 6/6
  2036 | D:2      | Reached skill level 1 in Maces & Flails
  2340 | D:3      | Reached ** piety under Lugonu
  2445 | D:3      | Reached XP level 5. HP: 19/42 MP: 7/7
  2648 | D:3      | Reached skill level 4 in Fighting
  3303 | D:3      | Found Zigylom's Book Shoppe.
  3449 | D:3      | Noticed Ijyb
  3498 | D:3      | Killed from afar by Ijyb

Illustrated notes

Levels and vault maps discovered:
D:1:      lightli_arrival_statue_moat, layout_basic
D:2:      layout_basic, serial_shops, shop
D:3:      layout_basic, mainiacjoe_overflow_alcove_1, serial_shops, shop,
          chequers_serial_rivers_micro_d, uniq_grinder, uniq_crazy_yiuf_cottage,
          uniq_natasha, uniq_ijyb

Skill      XL: |  1  2  3  4  5 |
---------------+----------------+-----
Stealth        | 1 |  1.9
Maces & Flails | 1 |  1.7
Invocations    | 3 |  3.4
Armour         | 3 |  3.2
Fighting       | 4 |  4.1
Polearms       | |  2.2
Dodging        | |  0.8

Action                   |  1- 3 |  4- 6 || total
-------------------------+-------+-------++-------
Melee: Spear             |    40 |       ||    40
       Mace              |    47 |   104 ||   151
       Punch             |     2 |     3 ||     5
Invok: Depart the Abyss  |     1 |       ||     1
 Abil: Dig               |       |     1 ||     1
  Use: Potion            |       |     2 ||     2
 Stab: Sleeping          |     2 |       ||     2
Armor: Leather armour    |    18 |     9 ||    27
       Scale mail        |       |    14 ||    14
Dodge: Dodged            |    37 |    60 ||    97

Table legend: (Time is in decaauts)
 A = Elapsed time spent in this place.
 B = Non-inter-level travel time spent in this place.
 C = Inter-level travel time spent in this place.
 D = Time resting spent in this place.
 E = Time spent auto-exploring this place.
 F = Levels seen in this place.
 G = Mean time per level.
                   A        B        C        D        E       F      G
               +--------+--------+--------+--------+--------+-----+--------+
         Total |   3558 |   3407 |    151 |    485 |   1983 |   7 |  508.3 |
       Dungeon |   3421 |   3270 |    151 |    485 |   1983 |   3 | 1140.3 |
         Abyss |    136 |    136 |      0 |      0 |      0 |   4 |   34.0 |
               +--------+--------+--------+--------+--------+-----+--------+

Top non-repeatable levels by time:
     D:1: 1342 daAuts
     D:3: 1237 daAuts
     D:2: 842 daAuts
 Abyss:2: 54 daAuts
 Abyss:4: 45 daAuts
 Abyss:1: 21 daAuts
 Abyss:3: 14 daAuts
